 Dungeon Crawl Stone Soup version 0.30-a0-575-g6f4a10e2d2 (webtiles) character file.

Game seed: 10455729807540300042

39253 Ijustatesigmund the Severer (level 14, -7/151 HPs)
             Began as a Hill Orc Fighter on Dec 30, 2022.
             Was a Priest of Wu Jian.
             Killed from afar by a raiju (15 damage)
             ... with a living lightning
             ... on level 2 of the Abyss.
             The game lasted 00:33:23 (16119 turns).

Ijustatesigmund the Severer (Hill Orc Fighter)     Turns: 16119, Time: 00:33:23

Health: -7/151     AC: 20    Str: 30    XL:     14   Next: 5%
Magic:  2/11       EV: 13    Int: 11    God:    Wu Jian [***...]
Gold:   1487       SH:  7    Dex: 13    Spells: 13/13 levels left

rFire   . . .      SeeInvis +    a - +3 war axe (freeze)
rCold   + + .      Faith    .    c - +0 buckler
rNeg    . . .      Spirit   .    b - +0 chain mail of the Yeti {Rampage rC+ rCorr Int+3}
rPois   .          Reflect  .    z - +0 helmet
rElec   .          Harm     .    y - +1 cloak {Stlth+}
rCorr   +          Rampage  +    p - +2 pair of gloves {Dex+3}
Will    +....                    k - +0 pair of boots Stlth
                                 (no amulet)
HPRegen 0.45/turn                B - +6 ring of strength
MPRegen 0.12/turn                D - ring of see invisible

@: in a heavenly storm, on berserk cooldown, slowed, glowing, very slow
A: cold resistance 1, low MP 2, robust 1
a: Renounce Religion, Wall Jump, Serpent's Lash


You were on level 2 of the Abyss.
You worshipped Wu Jian.
Wu Jian was most pleased with you.
You visited 3 branches of the dungeon, and saw 16 of its levels.
You visited the Abyss 1 time.

You collected 1487 gold pieces.

Inventory:

Hand Weapons
 a - a +3 war axe of freezing (weapon)
 x - a +4 flail
 C - a +2 war axe
Missiles
 F - a throwing net (quivered)
Armour
 b - the +0 chain mail of the Yeti (worn) {Rampage rC+ rCorr Int+3}
   (You found it on level 2 of the Dungeon)

   Int:       It affects your intelligence (+3).
   rC:        It protects you from cold.
   rCorr:     It protects you from acid and corrosion.
   Rampage:   It bestows one free step when moving towards enemies.
 c - a +0 buckler (worn)
 k - a +0 pair of boots (worn)
 p - a +2 pair of gloves of dexterity (worn)
 q - the +0 plate armour of Ucecir {*Corrode Regen+ Int+2}
   (You found it on level 3 of the Dungeon)

   Int:       It affects your intelligence (+2).
   Regen:     It increases your rate of health regeneration.
   *Corrode:  It may corrode you when you take damage.
 y - a +1 cloak of stealth (worn)
 z - a +0 helmet (worn)
Jewellery
 h - a ring of ice
 n - a ring of magical power
 s - the brooch of Shielding {Spirit SH+8}
   (You found it on level 14 of the Dungeon)

   [amulet of guardian spirit]

   It causes incoming damage to be divided between your reserves of health and
   magic.
   SH:        It affects your SH (+8).
 A - a +6 ring of intelligence
 B - a +6 ring of strength (left hand)
 D - a ring of see invisible (right hand)
 E - an amulet of faith
 K - a ring of positive energy
 M - an amulet of guardian spirit
Wands
 r - a wand of paralysis (3)
 w - a wand of digging (11)
 I - a wand of mindburst (10)
 N - a wand of flame (1)
Scrolls
 e - 4 scrolls of poison
 f - 3 scrolls of teleportation
 G - 3 scrolls of immolation
 J - 3 scrolls of magic mapping
 Q - a scroll of amnesia
Potions
 d - a potion of might
 i - 3 potions of resistance
 j - 3 potions of haste
 l - 2 potions of flight
 m - a potion of brilliance
 o - a potion of magic
 t - 4 potions of curing
 v - 4 potions of attraction
 H - a potion of cancellation
 P - 2 potions of mutation
Miscellaneous
 O - a condenser vane


   Skills:
 + Level 16.3 Fighting
 + Level 17.5 Axes
 - Level 10.1 Armour
 + Level 11.8 Shields
 - Level 5.3 Evocations


You had 13 spell levels left.
You didn't know any spells.
Your spell library contained the following spells:

 Spells                   Type           Power      Damage    Failure   Level
 Apportation              Tloc           0%         N/A       86%         1
 Shock                    Conj/Air       0%         1d3       86%         1
 Ozocubu's Armour         Ice            0%         N/A       99%         3
 Swiftness                Air            0%         N/A       99%         3
 Vhi's Electric Charge    Tloc/Air       0%         N/A       99%         3
 Airstrike                Air            0%         2d(0-16)  100%        4
 Anguish                  Hex/Necr       0%         N/A       100%        4
 Animate Dead             Necr           0%         N/A       100%        4
 Alistair's Intoxication  Tmut/Pois      0%         N/A       100%        5
 Arcjolt                  Conj/Air       0%         1d10      100%        5
 Borgnjor's Vile Clutch   Necr/Erth      0%         N/A       100%        5
 Freezing Cloud           Conj/Ice/Air   0%         6-21      100%        5
 Eringya's Noxious Bog    Tmut/Pois      0%         N/A       100%        6
 Simulacrum               Ice/Necr       0%         N/A       100%        6
 Enfeeble                 Hex            0%         N/A       100%        7
 Haunt                    Necr/Summ      0%         N/A       100%        7
 Ozocubu's Refrigeration  Ice            0%         4d7       100%        7
 Infestation              Necr           0%         N/A       100%        8
 Maxwell's Capacitive Co  Air            0%         ∞         100%        8
 Polar Vortex             Ice            0%         N/A       100%        9


Dungeon Overview and Level Annotations

Branches:
Dungeon (14/15)            Temple (1/1) D:7            Lair (0/5) D:11
    Orc (1/2) D:12         Vaults (0/5) D:13

Altars:
Ashenzari
Cheibriados
Dithmenos
Elyvilon
Fedhas
Gozag
Hepliaklqana
Kikubaaqudgha
Makhleb
Nemelex Xobeh
Okawaru
Qazlal
Ru
Sif Muna
Trog
Uskayaw
Vehumet
Wu Jian
Xom
Yredelemnul
Zin
The Shining One
Ignis

Shops:
D:4 (

Portals:
Trove: D:10 (show slimy rune of Zot)

Annotations:
D:3 exclusion: statue


Innate Abilities, Weirdness & Mutations

Your flesh is cold resistant. (rC+)
Your magical capacity is very low. (-20% MP)
You are robust. (+10% HP)


Message History

The sticky flame hits you but does no damage.
You are covered in liquid flames!
You slash the starcursed mass! You freeze the starcursed mass.
The starcursed mass is almost destroyed.
You are covered in liquid flames!
* * * LOW HITPOINT WARNING * * *
You are no longer on fire.
The starcursed mass shrieks in your mind.
* * * LOW HITPOINT WARNING * * *
A raiju comes into view.
The smoke demon gestures at you.
The sticky flame hits you but does no damage.
You are covered in liquid flames!
As you read the scroll of fog, it crumbles to dust.
The scroll dissolves into smoke.
You are covered in liquid flames!
* * * LOW HITPOINT WARNING * * *
The starcursed mass touches you!
* * * LOW HITPOINT WARNING * * *
The starcursed mass shrieks in your mind.
* * * LOW HITPOINT WARNING * * *
You feel much better.
You are covered in liquid flames!
* * * LOW HITPOINT WARNING * * *
The starcursed mass touches you.
* * * LOW HITPOINT WARNING * * *
You fail to use your ability.
The starcursed mass shrieks in your mind.
* * * LOW HITPOINT WARNING * * *
The raiju barely misses you.
The starcursed mass completely misses you.
The air is filled with shimmering golden clouds!
Sifu Hu Sanniang says: The storm will not cease as long as you keep fighting, disciple!
You can no longer summon a storm of heavenly clouds.
You hear a bark!
You hear a loud, deep croak!
The raiju bites you but does no damage. The starcursed mass touches you.
* * * LOW HITPOINT WARNING * * *
The raiju bursts into living lightning!
The living lightning hits you!
You die... # . # # # ###.. .# ###...###. ## # # .#.. ..# .# ##. . .....##.# h.h

# #...
☼3§§§3# #.#..
#X#h..#
#.#..##@h#
#.....#☼§#
#......#.####
..#.##.#....
## # #... #
.#.# .# .#..#
.#.. ##..
#..# ...


You could see a starcursed mass, a smoke demon and 2 raiju.

Vanquished Creatures
  Nessos (D:12)
  A lorocyproca (Abyss:2)
  A hydra (D:13)
  5 vault guards (D:13)
  Erolcha (Orc:1)
  3 centaur warriors
  2 tengu warriors (D:14)
  A two-headed ogre (D:12)
  A deep elf knight (D:13)
  A deep elf archer (D:13)
  An orc knight (D:10)
  2 deep elf pyromancers
  An oklob plant (D:11)
  A manticore (D:10)
  6 cyclopes
  3 ugly things
  3 gargoyles
  A komodo dragon (D:10)
  An efreet (D:14)
  A hellwing (Abyss:2)
  A kobold demonologist (D:10)
  An unseen horror (D:12)
  A yaktaur (D:10)
  2 tengu conjurers (D:13)
  4 trolls
  3 meliai (D:14)
  3 raiju (Abyss:2)
  16 slime creatures
  6 flying skulls (Abyss:2)
  4 starcursed masses (Abyss:2)
  3 wraiths
  A wyvern (D:10)
  A vampire (D:11)
  25 yaks
  A small abomination (Abyss:2)
  4 steam dragons
  10 vampire mosquitoes
  A neqoxec (Abyss:2)
  3 large abominations (Abyss:2)
  A warg (Orc:1)
  2 acid dragons
  3 hell hounds (Abyss:2)
  15 orc warriors
  A sky beast (D:7)
  5 ogres
  11 centaurs
  2 phantoms
  A kobold brigand (D:7)
  2 bullfrogs
  5 necrophages
  A scorpion (D:4)
  15 wights
  A ballistomycete (D:11)
  5 howler monkeys
  2 centaur zombies (D:8)
  6 hounds
  10 orc priests
  A human zombie (D:8)
  Crazy Yiuf (D:6)
  5 iguanas
  6 orc wizards
  2 killer bee zombies (D:8)
  2 mummies (D:8)
  A howler monkey zombie (D:8)
  10 gnolls
  11 adders
  4 shadow imps
  4 ufetubi
  2 dart slugs
  58 orcs
  11 ball pythons
  5 endoplasms
  3 giant cockroaches
  5 goblins
  7 hobgoblins
  3 quokkas
  8 bats
  9 frilled lizards
  20 kobolds
  5 rats
  A spectral orc (D:12)
  A bush (D:1)
  A lurking horror (Abyss:2)
401 creatures vanquished.

Vanquished Creatures (others)
  A komodo dragon (D:11)
  2 orc wizards (D:12)
  3 ballistomycete spores (D:11)
  18 plants
24 creatures vanquished.

Grand Total: 425 creatures vanquished

Notes
Turn   | Place    | Note
-------+----------+-------------------------------------------
     0 | D:1      | Ijustatesigmund the Hill Orc Fighter began the quest for
                  | the Orb.
     0 | D:1      | Reached XP level 1. HP: 19/19 MP: 1/1
   135 | D:1      | Reached skill level 3 in Axes
   161 | D:1      | Reached XP level 2. HP: 6/27 MP: 2/2
   575 | D:1      | Reached XP level 3. HP: 34/34 MP: 3/3
   786 | D:1      | Reached skill level 4 in Axes
  1171 | D:2      | Gained mutation: You have hidden genetic defects. [potion
                  | of mutation]
  1171 | D:2      | Gained mutation: Your flesh is cold resistant. (rC+)
                  | [potion of mutation]
  1171 | D:2      | Gained mutation: You are robust. (+10% HP) [potion of
                  | mutation]
  1230 | D:2      | Gained mutation: Your magical capacity is low. (-10% MP)
                  | [hidden defects]
  1345 | D:2      | Reached XP level 4. HP: 45/45 MP: 3/3
  1692 | D:2      | Identified the +0 chain mail of the Yeti {Rampage rC+ rCorr
                  | Int+3}
  1782 | D:3      | Gained mutation: Your magical capacity is very low. (-20%
                  | MP) [hidden defects]
  1782 | D:3      | Lost mutation: You have hidden genetic defects. [hidden
                  | defects expressed]
  1790 | D:3      | Found a faded altar of an unknown god.
  1843 | D:3      | Reached skill level 5 in Fighting
  1986 | D:3      | Found a radiant altar of Vehumet.
  1986 | D:3      | Noticed a charred statue
  2088 | D:3      | Identified the +0 plate armour of Ucecir {*Corrode Regen+
                  | Int+2}
  2250 | D:4      | Reached XP level 5. HP: 52/52 MP: 4/4
  2267 | D:4      | Reached skill level 5 in Axes
  2299 | D:4      | Found a glowing golden altar of the Shining One.
  2358 | D:4      | Reached XP level 6. HP: 62/62 MP: 4/4
  2753 | D:4      | Found Goasm's Antique Weapon Shop.
  2841 | D:5      | Entered Level 5 of the Dungeon
  2871 | D:5      | Reached skill level 6 in Axes
  2905 | D:5      | Found a bloodstained altar of Trog.
  2905 | D:5      | Noticed an orc warrior
  2911 | D:5      | Killed an orc warrior
  2912 | D:5      | Reached skill level 5 in Armour
  2912 | D:5      | Reached XP level 7. HP: 69/70 MP: 5/5
  2969 | D:5      | Reached skill level 1 in Evocations
  3028 | D:5      | Found a sparkling altar of Nemelex Xobeh.
  3124 | D:5      | Found a stormy altar of Qazlal.
  3187 | D:5      | Found a hazy altar of Hepliaklqana.
  3261 | D:5      | Reached XP level 8. HP: 50/78 MP: 6/6
  3315 | D:5      | Reached skill level 5 in Evocations
  3699 | D:6      | Reached skill level 7 in Axes
  3996 | D:6      | Found a runed translucent door.
  3997 | D:6      | Noticed Crazy Yiuf
  4007 | D:6      | Killed Crazy Yiuf
  4216 | D:6      | Noticed a yak
  4222 | D:6      | Killed a yak
  4223 | D:6      | Reached skill level 8 in Axes
  4223 | D:6      | Reached XP level 9. HP: 89/89 MP: 7/7
  4418 | D:7      | Found a staircase to the Ecumenical Temple.
  4448 | Temple   | Entered the Ecumenical Temple
  4528 | Temple   | Became a worshipper of the Wu Jian Council
  4635 | D:7      | Reached skill level 9 in Axes
  5264 | D:8      | Reached skill level 10 in Axes
  5264 | D:8      | Reached XP level 10. HP: 77/100 MP: 8/8
  5660 | D:8      | Reached * piety under Wu Jian
  5716 | D:8      | Reached skill level 10 in Fighting
  5720 | D:8      | Found a basalt altar of Yredelemnul.
  5999 | D:9      | Found a bloodstained altar of Trog.
  6040 | D:9      | Found a glowing silver altar of Zin.
  6072 | D:9      | Reached skill level 11 in Axes
  6518 | D:9      | Found a sacrificial altar of Ru.
  6857 | D:10     | Entered Level 10 of the Dungeon
  6924 | D:10     | Found a portal to a secret trove of treasure.
  7020 | D:10     | Noticed a kobold demonologist
  7029 | D:10     | Reached skill level 10 in Armour
  7029 | D:10     | Killed a kobold demonologist
  7030 | D:10     | Reached skill level 12 in Axes
  7030 | D:10     | Reached XP level 11. HP: 104/112 MP: 8/8
  7079 | D:10     | Found a burning altar of Makhleb.
  7160 | D:10     | Reached ** piety under Wu Jian
  7317 | D:10     | Found an iron altar of Okawaru.
  7378 | D:10     | Noticed a deep elf pyromancer
  7379 | D:10     | Noticed a manticore
  7380 | D:10     | Noticed a cyclops
  7382 | D:10     | Killed a deep elf pyromancer
  7386 | D:10     | Reached skill level 5 in Shields
  7388 | D:10     | Killed a manticore
  7391 | D:10     | Killed a cyclops
  7392 | D:10     | Reached skill level 13 in Axes
  7626 | D:10     | Noticed a centaur warrior
  7629 | D:10     | Noticed an orc knight
  7638 | D:10     | Killed a centaur warrior
  7644 | D:10     | Killed an orc knight
  8255 | D:10     | Noticed a centaur warrior
  8271 | D:10     | Killed a centaur warrior
  8812 | D:11     | Found an opulent altar of Gozag.
  8887 | D:11     | Noticed a cyclops
  8907 | D:11     | Killed a cyclops
  8908 | D:11     | Reached XP level 12. HP: 86/126 MP: 9/9
  9088 | D:11     | Reached skill level 14 in Axes
  9660 | D:11     | Found a staircase to the Lair.
 10181 | D:12     | Noticed a two-headed ogre
 10192 | D:12     | Killed a two-headed ogre
 10205 | D:12     | Paralysed by an orc wizard for 5 turns
 11046 | D:12     | Noticed Nessos
 11058 | D:12     | Reached *** piety under Wu Jian
 11059 | D:12     | Found a staircase to the Orcish Mines.
 11089 | Orc:1    | Entered Level 1 of the Orcish Mines
 11090 | Orc:1    | HP: 4/128 [poisoned by Nessos]
 11095 | Orc:1    | Noticed Erolcha
 11106 | Orc:1    | Reached skill level 15 in Axes
 11276 | Orc:1    | Killed Erolcha
 11738 | D:12     | Killed Nessos
 12448 | D:12     | Found a hazy altar of Hepliaklqana.
 12667 | D:13     | Noticed a centaur warrior
 12673 | D:13     | Noticed a five-headed hydra
 12676 | D:13     | Reached XP level 13. HP: 117/137 MP: 10/10
 12890 | D:13     | Reached skill level 16 in Axes
 12937 | D:13     | Reached skill level 15 in Fighting
 12937 | D:13     | Reached skill level 10 in Shields
 13046 | D:13     | Noticed a vault guard
 13046 | D:13     | Noticed a vault guard
 13119 | D:13     | Killed a vault guard
 13145 | D:13     | Reached **** piety under Wu Jian
 13198 | D:13     | Noticed a vault guard
 13207 | D:13     | Killed a vault guard
 13633 | D:13     | Killed a vault guard
 13772 | D:13     | Noticed a vault guard
 13772 | D:13     | Noticed a vault guard
 13786 | D:13     | Killed a vault guard
 13786 | D:13     | Killed a vault guard
 13964 | D:13     | Found a gate to the Vaults.
 14510 | D:14     | Found the brooch of Shielding {Spirit SH+8}
 14542 | D:14     | HP: 4/140 [tengu warrior/+0 glaive (17)]
 15244 | D:14     | Reached skill level 17 in Axes
 15494 | Abyss:2  | Found a corrupted altar of Lugonu.
 15494 | Abyss:2  | Cast into level 2 of the Abyss (a wizard)
 15683 | Abyss:2  | Noticed a crystal guardian
 15881 | Abyss:2  | Noticed a starcursed mass
 16084 | Abyss:2  | Noticed a lorocyproca
 16099 | Abyss:2  | Noticed a starcursed mass
 16100 | Abyss:2  | Reached ***** piety under Wu Jian
 16101 | Abyss:2  | Reached XP level 14. HP: 117/150 MP: 0/11
 16101 | Abyss:2  | Killed a lorocyproca
 16116 | Abyss:2  | HP: 1/151 [starcursed mass/accursed screaming (8)]
 16119 | Abyss:2  | Killed from afar by a raiju

Illustrated notes

Levels and vault maps discovered:
D:1:      scummos_arrival_simple_fountains, layout_basic,
          lexackson_kobold_supper
D:2:      layout_loops_cross, kennysheep_generic_room_12
D:3:      layout_rooms, vehumet_statue, basic_ecumenical_altar
D:4:      minmay_recursive_quarters, layout_basic,
          mainiacjoe_overflow_surrounded_room, serial_shops,
          kennysheep_mini_moat
D:5:      layout_rooms, mainiacjoe_overflow_chevrons,
          nicolae_qazlal_general_emergency, minmay_misc_feat_rugged,
          ebering_dispersal_statue_hall, hex_tiny, chequers_hall_statues_wall_a,
          hangedman_feature_mirror, st_stairs_12, minmay_crystal_water
D:6:      layout_rooms, minmay_between, uniq_crazy_yiuf_cottage
D:7:      layout_rooms, minmay_temple_entry_sparse_star
D:8:      layout_rooms, lemuel_mausoleum_altar_yredelemnul, minmay_holes
D:9:      layout_loops_ring, mainiacjoe_overflow_paths,
          mainiacjoe_overflow_tiny_flanked, lemuel_doored_altar, nrook_campfire
D:10:     minmay_bloctagon_deflated, layout_long_grid,
          okawaru_metal_pillars_1_2, mainiacjoe_overflow_brackets,
          trove_entry_hex_spiral, minmay_diamond_spiral
D:11:     layout_loops_ring, dpeg_oklobed_lair, st_stairs_2,
          grunt_gozag_breadcrumbs
D:12:     layout_layer_cave, david_orc_4,
          nicolae_hepliaklqana_monster_ancestors, uniq_nessos
D:13:     layout_irregular_city, grunt_vaults_entry_fortified, drop_trap,
          minivault_26
D:14:     layout_gridville, minivault_19, kennysheep_generic_room_8
Temple:   ebering_untended_altars
Orc:1:    layout_caves, uniq_erolcha
Abyss:2:  base: D:3, small_statue_intersection, hangedman_summoners_spam

Skill      XL: |  1  2  3  4  5  6  7  8  9 10 11 12 13 |
---------------+----------------------------------------+-----
Axes           | 3 4 5 6 8 10 12 13 15 17 | 17.5
Fighting       | 4 5 6 7 9 11 13 14 16 | 16.3
Armour         | 4 5 6 8 10 | 10.1
Evocations     | 4 5 |  5.3
Shields        | 6 9 11 | 11.8

Action                   |  1- 3 |  4- 6 |  7- 9 | 10-12 | 13-15 || total
-------------------------+-------+-------+-------+-------+-------++-------
Melee: War axe           |   135 |   149 |   292 |   542 |   249 ||  1367
       Flail             |       |       |       |       |    13 ||    13
Invok: Lunge             |       |       |     4 |       |       ||     4
       Whirlwind         |       |       |       |    33 |    14 ||    47
       Serpent's Lash    |       |       |       |       |     1 ||     1
       Heavenly Storm    |       |       |       |       |     1 ||     1
 Abil: Wall Jump         |       |       |       |     5 |    11 ||    16
Evoke: Wand              |       |       |     7 |    17 |    15 ||    39
  Use: Scroll            |     7 |     3 |     6 |    10 |     6 ||    32
       Potion            |     1 |       |       |     2 |     5 ||     8
 Stab: Paralysed         |       |       |     7 |     7 |     2 ||    16
       Distracted        |       |       |       |       |     1 ||     1
Armor: Scale mail        |    42 |     2 |       |       |       ||    44
       Chain mail        |       |    39 |       |   277 |   120 ||   436
       Plate armour      |       |    65 |   206 |       |       ||   271
Dodge: Dodged            |    39 |    57 |    65 |   166 |    61 ||   388
Block: Buckler           |    27 |    27 |    59 |   108 |    83 ||   304

Table legend: (Time is in decaauts)
 A = Elapsed time spent in this place.
 B = Non-inter-level travel time spent in this place.
 C = Inter-level travel time spent in this place.
 D = Time resting spent in this place.
 E = Time spent auto-exploring this place.
 F = Levels seen in this place.
 G = Mean time per level.
                   A        B        C        D        E       F      G
               +--------+--------+--------+--------+--------+-----+--------+
         Total |  16172 |  15736 |    436 |   4353 |   8685 |  17 |  951.3 |
       Dungeon |  14556 |  14164 |    392 |   3512 |   8234 |  14 | 1039.7 |
        Temple |     92 |     71 |     21 |      0 |     55 |   1 |   92.0 |
  Orcish Mines |    918 |    895 |     23 |    502 |    276 |   1 |  918.0 |
         Abyss |    604 |    604 |      0 |    339 |    120 |   1 |  604.0 |
               +--------+--------+--------+--------+--------+-----+--------+

Top non-repeatable levels by time:
    D:13: 2051 daAuts
    D:10: 1790 daAuts
    D:12: 1740 daAuts
    D:11: 1295 daAuts
     D:1: 1051 daAuts
     D:9: 1009 daAuts
   Orc:1: 918 daAuts
     D:8: 833 daAuts
     D:6: 797 daAuts
    D:14: 763 daAuts
     D:5: 755 daAuts
     D:2: 719 daAuts
     D:4: 641 daAuts
 Abyss:2: 604 daAuts
     D:7: 593 daAuts
